 Dungeon Crawl Stone Soup version 0.13-a0-1710-g777f831 (webtiles) character file.

257424 Koal the Scorcher (level 20, 0/170 HPs)
             Began as a Red Draconian Fire Elementalist on June 21, 2013.
             Was a High Priest of Ashenzari.
             Shot with an arrow by a centaur warrior (14 damage)
             ... on Level 4 of the Vaults.
             The game lasted 07:54:14 (58847 turns).

Koal the Scorcher (DrFE)                           Turns: 58847, Time: 07:54:14

HP   0/170       AC 17     Str 14      XL: 20   Next: 44%
MP  37/40        EV 17     Int 22      God: Ashenzari [*****.]
Gold 1928        SH 27     Dex 13      Spells:  6 memorised, 26 levels left

Res.Fire  : + + +   See Invis. : +   a - staff of fire
Res.Cold  : + . .   Warding    : .   (armour unavailable)
Life Prot.: + . .   Conserve   : .   J - +0 shield {reflect} (curse)
Res.Poison: +       Res.Corr.  : .   (helmet restricted)
Res.Elec. : .       Clarity    : +   G - +1 cloak of Polytheism {rF+ Str+2}
Sust.Abil.: . .     Spirit.Shd : .   U - +1 pair of gloves of Subjectivity {rC+ MR+ Res.Mut. : + Stasis : . v - +2 pair of boots {Stlth+} Res.Rott. : . Flight : . o - cursed amulet of resist mutation Saprovore : . . . C - cursed ring of poison resistance E - cursed ring of life protection

@: extraordinarily resistant to hostile enchantments, stealthy
A: breathe fire, unfitting armour, stinger 1, fire resistance 1, petrification
resistance, AC +10
a: Breathe Fire, Scrying, Transfer Knowledge, Renounce Religion


You were on level 4 of the Vaults.
You worshipped Ashenzari.
Ashenzari was exalted by your worship.
You were hungry.

You visited 6 branches of the dungeon, and saw 38 of its levels.

You collected 3288 gold pieces.
You spent 1380 gold pieces at shops.

Inventory:

Hand weapons
 b - a +5 blowgun
Missiles
 g - 18 curare-tipped needles
 s - 7 steel darts (quivered)
Armour
 v - a +2 pair of boots of stealth (worn)
 G - the +1 cloak of Polytheism (worn) {rF+ Str+2}
   (You bought it in a shop on level 1 of the Vaults)

   It affects your strength (+2).
   It protects you from fire.
 J - a cursed +0 shield of reflection (worn)
 U - the cursed +1 pair of gloves of Subjectivity (worn) {rC+ MR++ Acc-2 Dam+1}
   (You found it on level 8 of the Lair of Beasts)

   It affects your accuracy (-2).
   It affects your damage-dealing abilities (+1).
   It protects you from cold.
   It affects your resistance to hostile enchantments.
   It has a curse placed upon it.
Magical devices
 c - a wand of disintegration (6)
 f - a wand of digging (13)
 h - a wand of flame (4)
 k - a wand of heal wounds (3)
 l - a wand of teleportation (5)
 K - a wand of cold (8)
Comestibles
 j - a bread ration
 p - a choko
 H - 2 pears
Scrolls
 e - a scroll of vulnerability
 m - a scroll of fog
 r - 2 scrolls of magic mapping
 z - a scroll of identify
 D - 4 scrolls of fear
 O - a scroll of teleportation
Jewellery
 o - a cursed amulet of resist mutation (around neck)
 C - a cursed ring of poison resistance (right hand)
 E - a cursed ring of life protection (left hand)
Potions
 d - a potion of berserk rage
 i - 9 potions of curing
 n - 2 potions of might
 q - 2 potions of heal wounds
 I - a potion of speed
Magical staves
 a - an uncursed staff of fire (weapon)
Miscellaneous
 x - a lamp of fire
 y - a fan of gales
 X - a stone of tremors


   Skills:
 - Level 15.0 Fighting
 - Level 12.0 Staves
 - Level 9.8 Dodging
 - Level 1.7 Stealth
 - Level 12.7(15.0) Shields
 - Level 4.9 Traps
 - Level 16.1 Spellcasting
 - Level 16.0(19.4) Conjurations
 + Level 17.8(21.0) Fire Magic
 - Level 1.0(3.2) Earth Magic
 - Level 8.3(12.2) Evocations


You had 26 spell levels left.
You knew the following spells:

 Your Spells              Type           Power        Failure   Level  Hunger
a - Flame Tongue          Conj/Fire      #####        0%          1    None
b - Conjure Flame         Conj/Fire      ########     0%          3    None
c - Sticky Flame          Conj/Fire      ########     0%          4    None
d - Fireball              Conj/Fire      ########..   1%          5    None
e - Bolt of Magma         Conj/Fire/Erth #######...   1%          5    None
f - Orb of Destruction    Conj           #######...   1%          7    ######.


Dungeon Overview and Level Annotations

Branches:
Dungeon (20/27)            Temple (1/1) D:5             Orc (4/4) D:6
    Elf (0/3) Orc:3          Lair (8/8) D:11          Swamp (0/5) Lair:4
  Snake (0/5) Lair:4       Vaults (4/5) D:15          Blade (1/1) Vaults:4
 Forest (0/5) Vaults:3
  Slime: Lair:6-8

Altars:
Ashenzari
Cheibriados
Elyvilon
Fedhas
Kikubaaqudgha
Makhleb
Nemelex Xobeh
Okawaru
Sif Muna
Trog
Vehumet
Xom
Yredelemnul
Zin
the Shining One

Shops:
D:9: ([ D:11: ? D:12: ? D:16: [ D:18: / D:19: [ Orc:4: ?[[/ Vaults:1: [

Portals:
Trove: D:20 (give 6 potions of speed)

Annotations
D:2 Sigmund
D:20 exclusions: ice statue and 2 orange crystal statues, Mennas
Lair:5 exclusion: oklob plant
Lair:6 exclusion: oklob plant
Vaults:4 Jory Blade Margery


Innate Abilities, Weirdness & Mutations

You can breathe blasts of fire.
Your fiery red scales are hard (AC +10).
Your body does not fit into most forms of armour.
Your cold-blooded metabolism reacts poorly to cold.
Your flesh is heat resistant.
Your tail ends in a poisonous barb.
You are immune to petrification.


Message History

The centaur warrior shoots an arrow.
The arrow hits you!
The centaur warrior shoots an arrow.
The arrow hits you!
* * * LOW HITPOINT WARNING * * *
You see here an arrow.
The centaur warrior shoots an arrow.
The arrow hits you!
* * * LOW HITPOINT WARNING * * *
You see here an arrow.
Drink which item? (? for menu, Esc to quit)
You feel much better.
The centaur warrior shoots an arrow.
The arrow hits you!
* * * LOW HITPOINT WARNING * * *
The centaur warrior shoots an arrow.
The arrow hits you!
* * * LOW HITPOINT WARNING * * *
You see here an arrow.
Read which item? (? for menu, Esc to quit)
As you read the scroll of fog, it crumbles to dust.
The scroll dissolves into smoke.
The centaur warrior shoots an arrow.
The arrow misses you.
You see here an arrow.
The centaur warrior shoots an arrow.
The arrow hits you!
You die...

#..#...)####..(§§# #....
##'#....# #...§§# #....
#......#
#..§c§############'###
##....##
#..§§§§§..............
######
#....C§...............
#.......[.............
#######
#.....................
......#
#.....(...............
......#
#####@##############'#
......# #..##..# #.#
.[....# ###..##).### #..
......# #..##..##..#
#####.. ......#
#..##..##..# #####≈≈≈§§.
......#
###..##.)#####≈≈≈§§≈≈§§.
......#
###..##).####.....§..§>.
......#
#.)##.)##..###≈§≈≈≈≈≈≈..
......# #..##..##..#
#####≈≈§§..


You could see a stone giant and a centaur warrior.

Vanquished Creatures
  Saint Roka (Orc:4)
  Nikola (D:17)
  A storm dragon (D:14)
  3 sphinxes
  Rupert (Lair:6)
  6 vault wardens
  Donald (D:14)
  Louise (D:14)
  A frost giant (Vaults:3)
  2 stone giants
  Jorgrun (D:20)
  6 dire elephants (Lair:8)
  Azrael (D:17)
  2 deep elf annihilators (Vaults:3)
  The ghost of Aelig the Eclecticist, a powerful DEWz of Kikubaaqudgha (D:15)
  4 great orbs of eyes
  9 vault guards
  2 dragons
  10 ogre magi
  4 yaktaur captains
  Fannar (D:14)
  9 hydras
  Erica (Lair:3)
  2 ravenous feature mimics
  Harold (D:10)
  7 ironheart preservers
  An ice dragon (Vaults:4)
  A shadow dragon zombie (Vaults:3)
  2 wolf spider zombies (D:18)
  An anaconda (Lair:8)
  A deep troll earth mage (Vaults:1)
  4 stone giant zombies
  A frost giant zombie (Vaults:2)
  A fire giant zombie (D:18)
  A tengu warrior (Vaults:3)
  A sphinx skeleton (D:18)
  2 deep trolls (Vaults:1)
  3 plague shamblers (D:18)
  2 frost giant skeletons
  3 very ugly things
  8 stone giant skeletons
  7 unseen horrors
  27 centaur warriors
  A giant orange brain (Vaults:2)
  3 deep elf knights (D:16)
  13 skeletal warriors
  An unseen horror (shapeshifter) (D:19)
  An iron troll (Vaults:3)
  Erolcha (D:10)
  7 ironbrand convokers
  A redback zombie (Vaults:1)
  3 iron troll zombies
  15 hill giants
  7 harpies
  14 orc knights
  A wizard (D:16)
  A griffon (shapeshifter) (D:14)
  Joseph (Lair:1)
  3 giant amoebae
  10 cyclopes
  3 spiny worms
  2 necromancers
  An iron troll skeleton (Vaults:1)
  3 red wasps (Vaults:1)
  16 humans
  3 orc sorcerers
  A hydra skeleton (D:10)
  4 wolf spiders
  An ettin zombie (Vaults:3)
  2 fire crabs
  4 vault sentinels
  2 black mambas
  A red wasp zombie (D:20)
  4 griffons
  An elephant slug (Lair:3)
  8 spiny frogs
  A wind drake (shapeshifter) (Vaults:2)
  47 slime creatures
  A feature mimic (D:15)
  4 dragon skeletons
  2 frost giant simulacra (Vaults:3)
  2 slime creatures (shapeshifter)
  A black mamba (shapeshifter) (D:18)
  37 yaktaurs
  A fire giant simulacrum (D:18)
  12 elephants
  3 hill giant zombies
  88 ugly things
  An efreet (D:18)
  6 komodo dragons
  Sonja (Orc:4)
  A queen bee (D:10)
  Prince Ribbit (D:8)
  2 spriggans (Vaults:3)
  2 agate snail zombies (D:18)
  A polar bear (Lair:8)
  13 two-headed ogres
  2 deep troll skeletons
  A deep troll zombie (Vaults:3)
  8 trolls
  A basilisk (shapeshifter) (Vaults:1)
  A baby alligator (shapeshifter) (Vaults:4)
  17 blink frogs
  7 basilisks
  An ettin simulacrum (Vaults:3)
  3 vampires
  A grizzly bear (Vaults:3)
  3 wraiths
  A tarantella (shapeshifter) (D:16)
  A tarantella (Vaults:1)
  An orb spider (shapeshifter) (D:15)
  63 yaks
  A golden eye (shapeshifter) (D:18)
  4 shadows
  3 deep elf conjurers (D:18)
  Eustachio (D:6)
  4 hungry ghosts
  A wyvern (D:12)
  A clay golem (Vaults:2)
  Grum (Orc:4)
  7 vampire mosquitoes
  11 hippogriffs
  A fire drake (Lair:8)
  4 fire elementals
  2 manticores
  3 trapdoor spiders
  A boulder beetle (shapeshifter) (Vaults:1)
  4 deep elf fighters
  11 redbacks
  Edmund (D:6)
  3 rock worms
  5 mottled dragons
  Menkaure (D:6)
  A rock worm (shapeshifter) (D:13)
  2 cyclops zombies (D:14)
  3 hell hounds (D:17)
  An orange crystal statue (Vaults:1)
  2 soldier ants
  8 ice beasts
  2 sky beasts (D:12)
  18 war dogs
  7 boulder beetles
  2 freezing wraiths
  A yaktaur skeleton (D:19)
  4 boulder beetle zombies
  57 orc warriors
  A wyvern skeleton (D:10)
  2 yak zombies (D:14)
  A black bear (Vaults:3)
  11 giant goldfish
  37 ogres
  3 phantoms
  A boring beetle (Lair:7)
  A tengu (Vaults:3)
  4 deep elf magi
  2 hippogriff skeletons
  33 centaurs
  A yak skeleton (D:14)
  A yellow wasp (D:16)
  A troll skeleton (D:10)
  7 nagas
  8 wargs
  11 crocodiles
  A brain worm (Lair:6)
  3 lava worms (Lair:6)
  4 wolves (Vaults:3)
  9 giant slugs
  A gnoll sergeant (D:7)
  6 big kobolds
  2 giant frog skeletons
  2 centaur skeletons (D:10)
  8 agate snails
  Blork the orc (D:6)
  2 water moccasins
  14 two-headed ogre zombies (Orc:3)
  18 giant frogs
  A soldier ant zombie (D:14)
  A giant frog (shapeshifter) (Vaults:1)
  A basilisk skeleton (D:14)
  A jellyfish (D:6)
  A grizzly bear simulacrum (Lair:7)
  30 killer bees
  8 wights
  4 electric eels (D:10)
  A brain worm zombie (D:12)
  3 ogre skeletons
  A big fish (D:10)
  4 goliath beetles
  25 orc priests
  6 crimson imps
  16 hounds
  13 worker ants
  11 iguanas
  38 orc wizards
  2 scorpions
  5 orange rats (Lair:4)
  5 porcupines
  2 deep elf soldiers
  A worker ant zombie (D:10)
  38 sheep
  4 hound simulacra (Lair:7)
  7 jellies
  8 boggarts
  3 mummies (D:18)
  9 gnolls
  16 adders
  8 giant centipedes
  2 giant mites
  A scorpion zombie (D:8)
  2 shadow imps
  An adder zombie (D:5)
  A giant centipede zombie (D:14)
  36 green rats
  An inept feature mimic (D:4)
  A white imp (D:6)
  4 worms
  3 sheep simulacra (Lair:7)
  5 grey rats (Lair:4)
  A bat skeleton (D:6)
  A giant eyeball (D:11)
  13 giant geckos
  An ooze (D:2)
  235 orcs
  24 bats
  2 giant cockroaches
  23 goblins
  19 hobgoblins
  21 jackals
  10 quokkas
  A ball python (D:1)
  2 giant newts
  2 giant spores
  45 kobolds
  An orc skeleton (D:7)
  43 rats
  3 rat simulacra (Lair:7)
  8 ballistomycetes
  A fungus (Lair:7)
  7 plants
1789 creatures vanquished.

Vanquished Creatures (collateral kills)
  An ironheart preserver (Vaults:3)
  A skeletal warrior (D:19)
  A cyclops (D:20)
  A hell hound (D:17)
4 creatures vanquished.

Vanquished Creatures (others)
  3 fire elementals
  An ettin skeleton (Vaults:3)
  An earth elemental (D:17)
  A human (D:15)
  An orc warrior (Vaults:4)
  An orc wizard (Vaults:1)
  A giant centipede (Lair:3)
  4 orcs
  3 kobolds
  2 rats
  3 fungi
  5 plants
26 creatures vanquished.

Grand Total: 1819 creatures vanquished

Notes
Turn   | Place    | Note
--------------------------------------------------------------
     0 | D:1      | Koal, the Draconian Fire Elementalist, began the quest for the Orb.
     0 | D:1      | Reached XP level 1. HP: 14/14 MP: 3/3
   180 | D:1      | Reached XP level 2. HP: 20/20 MP: 1/4
   800 | D:1      | Reached XP level 3. HP: 26/26 MP: 5/5
   856 | D:1      | Learned a level 3 spell: Conjure Flame
  1488 | D:2      | Reached XP level 4. HP: 33/33 MP: 7/7
  1710 | D:2      | Reached skill level 4 in Conjurations
  1916 | D:2      | Noticed Sigmund
  2297 | D:3      | Found a snail-covered altar of Cheibriados.
  3016 | D:4      | Reached XP level 5. HP: 38/38 MP: 5/9
  3532 | D:4      | Reached skill level 5 in Conjurations
  3541 | D:4      | Learned a level 4 spell: Sticky Flame
  3789 | D:4      | Reached XP level 6. HP: 45/45 MP: 7/11
  3943 | D:5      | Entered Level 5 of the Dungeon
  3965 | D:5      | Found a staircase to the Ecumenical Temple.
  3995 | Temple   | Entered the Ecumenical Temple
  4082 | Temple   | Became a worshipper of Ashenzari the Shackled
  4299 | D:5      | Reached skill level 6 in Conjurations
  4426 | D:5      | Found a blossoming altar of Fedhas.
  4612 | D:5      | Your scales start taking on a fiery red colour.
  4612 | D:5      | Gained mutation: Your flesh is heat resistant. [draconian maturity]
  4612 | D:5      | Reached XP level 7. HP: 50/50 MP: 14/14
  4767 | D:6      | Found a radiant altar of Vehumet.
  4780 | D:6      | Noticed Edmund
  4794 | D:6      | Killed Edmund
  4794 | D:6      | Reached skill level 7 in Conjurations
  4819 | D:6      | Found a white marble altar of Elyvilon.
  4895 | D:6      | Found a sparkling altar of Nemelex Xobeh.
  5202 | D:6      | Noticed Menkaure
  5218 | D:6      | Killed Menkaure
  5232 | D:6      | Noticed Blork the orc
  5240 | D:6      | Killed Blork the orc
  5254 | D:6      | Reached XP level 8. HP: 27/57 MP: 6/16
  5450 | D:6      | Noticed Eustachio
  5461 | D:6      | Killed Eustachio
  5461 | D:6      | Reached skill level 8 in Conjurations
  5461 | D:6      | Reached skill level 5 in Fire Magic
  5649 | D:6      | Found a staircase to the Orcish Mines.
  6497 | D:7      | Reached skill level 9 in Conjurations
  6935 | D:7      | Got the uncursed cloak of Wevu {Stlth-}
  6938 | D:7      | Identified the +2 cloak of Wevu {Stlth-} (You found it on level 7 of the Dungeon)
  7016 | D:7      | Reached XP level 9. HP: 62/62 MP: 12/18
  7287 | D:7      | Reached skill level 10 in Conjurations
  7297 | D:7      | Learned a level 5 spell: Fireball
  8152 | D:8      | Noticed Prince Ribbit
  8180 | D:8      | Killed Prince Ribbit
  8351 | D:8      | Reached skill level 1 in Fighting
  8570 | D:8      | Acquired Ashenzari's first power
  8582 | D:8      | Found a basalt altar of Yredelemnul.
  8582 | D:8      | Found a glowing golden altar of the Shining One.
  8583 | D:8      | Noticed a profane servitor
  8591 | D:8      | Noticed an angel
  9005 | D:8      | Reached XP level 10. HP: 68/74 MP: 7/18
  9220 | D:9      | Found Logaofre's Armour Shop.
  9350 | D:9      | Bought a +0 pair of gauntlets for 20 gold pieces
  9371 | D:9      | Found a glowing silver altar of Zin.
  9424 | D:9      | Found Suseu's Antique Weapon Emporium.
  9459 | D:9      | Reached skill level 5 in Fighting
  9895 | D:5      | Identified a scroll of acquirement
 10056 | D:10     | Entered Level 10 of the Dungeon
 10106 | D:10     | Identified the cursed +0,-2 dagger of Veriheco {stab, +Fly Int+1 SInv}
 10461 | D:10     | Reached skill level 11 in Conjurations
 10464 | D:10     | Noticed Erolcha
 10726 | D:8      | Reached skill level 5 in Dodging
 10874 | D:10     | Killed Erolcha
 10874 | D:10     | Reached skill level 12 in Conjurations
 11044 | D:10     | Reached XP level 11. HP: 79/83 MP: 1/20
 11215 | D:10     | Noticed a hill giant
 11223 | D:10     | Killed a hill giant
 11612 | D:10     | Noticed a hill giant
 11637 | D:10     | Killed a hill giant
 12136 | D:10     | Acquired Ashenzari's second power
 12155 | D:10     | Noticed an unseen horror
 12207 | D:10     | Killed an unseen horror
 12286 | D:10     | Noticed an unseen horror
 12291 | D:10     | Killed an unseen horror
 12293 | D:10     | Noticed Harold
 12303 | D:10     | Killed Harold
 12433 | D:10     | Noticed an unseen horror
 12439 | D:10     | Killed an unseen horror
 13145 | D:11     | Found a staircase to the Lair.
 13384 | D:11     | Reached skill level 5 in Spellcasting
 13613 | D:11     | Reached skill level 1 in Evocations
 13638 | D:11     | Reached XP level 12. HP: 67/94 MP: 19/25
 13751 | D:11     | Paralysed by a giant eyeball for 4 turns
 13901 | D:11     | Found Tonasch Greuts' Magic Scroll Shoppe.
 13911 | D:11     | Bought a scroll of blinking for 71 gold pieces
 14222 | D:11     | Acquired Ashenzari's third power
 14452 | Lair:1   | Entered Level 1 of the Lair of Beasts
 14994 | Lair:1   | Reached skill level 1 in Staves
 15010 | Lair:1   | Reached skill level 1 in Shields
 15616 | Lair:1   | Noticed Joseph
 15736 | Lair:1   | Killed Joseph
 15736 | Lair:1   | Reached skill level 5 in Shields
 16373 | Lair:2   | Acquired Ashenzari's fourth power
 17357 | Lair:3   | Reached skill level 5 in Staves
 17382 | Lair:3   | Noticed a five-headed hydra
 17400 | Lair:3   | Killed a five-headed hydra
 17561 | Lair:3   | Noticed Erica
 17581 | Lair:3   | Killed Erica
 17739 | Lair:3   | Gained mutation: You are immune to petrification. [potion of beneficial mutation]
 18417 | Lair:4   | Found a staircase to the Swamp.
 18652 | Lair:4   | Reached skill level 5 in Evocations
 18788 | Lair:4   | Found a staircase to the Snake Pit.
 20848 | Lair:6   | Noticed Rupert
 21219 | Lair:1   | Gained mutation: Your tail ends in a poisonous barb. [potion of beneficial mutation]
 21227 | Lair:1   | Learned a level 5 spell: Bolt of Magma
 21673 | Lair:5   | Reached skill level 10 in Fighting
 21839 | Lair:6   | Reached XP level 13. HP: 104/104 MP: 11/26
 22232 | Lair:6   | Noticed a five-headed hydra
 22243 | Lair:6   | Killed a five-headed hydra
 22572 | Lair:6   | Killed Rupert
 22572 | Lair:6   | Reached skill level 13 in Conjurations
 24003 | Lair:7   | Reached skill level 14 in Conjurations
 24522 | Lair:8   | Entered Level 8 of the Lair of Beasts
 24618 | Lair:8   | Reached skill level 1 in Earth Magic
 24848 | Lair:8   | Noticed an eight-headed hydra
 24853 | Lair:8   | Killed an eight-headed hydra
 25015 | Lair:8   | Noticed a five-headed hydra
 25022 | Lair:8   | Killed a five-headed hydra
 25410 | Lair:8   | Reached skill level 10 in Fire Magic
 25743 | Lair:8   | Noticed a dire elephant
 25754 | Lair:8   | Killed a dire elephant
 25817 | Lair:8   | Noticed an eight-headed hydra
 25819 | Lair:8   | Noticed a dire elephant
 25849 | Lair:8   | Killed a dire elephant
 25968 | Lair:8   | Killed an eight-headed hydra
 26001 | Lair:8   | Noticed a dire elephant
 26019 | Lair:8   | Killed a dire elephant
 26045 | Lair:8   | Noticed a dire elephant
 26054 | Lair:8   | Killed a dire elephant
 26054 | Lair:8   | Reached XP level 14. HP: 65/112 MP: 11/29
 26248 | Lair:8   | Noticed a dire elephant
 26248 | Lair:8   | Noticed a dire elephant
 26264 | Lair:8   | Killed a dire elephant
 26271 | Lair:8   | Killed a dire elephant
 26616 | Lair:8   | Got the cursed pair of gloves of Subjectivity {rC+ MR++ Acc-2 Dam+1}
 27022 | Lair:1   | Identified the cursed +1 pair of gloves of Subjectivity {rC+ MR++ Acc-2 Dam+1} (You found it on level 8 of the Lair of Beasts)
 27219 | Orc:1    | Entered Level 1 of the Orcish Mines
 28592 | Orc:3    | Found a staircase to the Elven Halls.
 29455 | Orc:3    | Identified the cursed -5 buckler of Pres {Dex-2 Dam+4}
 29460 | Orc:4    | Entered Level 4 of the Orcish Mines
 29886 | Orc:3    | Reached skill level 10 in Staves
 30107 | Orc:4    | Noticed Sonja
 30214 | Orc:4    | Killed Sonja
 30364 | Orc:4    | Noticed Grum
 30383 | Orc:4    | Killed Grum
 30527 | Orc:4    | Noticed Saint Roka
 30544 | Orc:4    | Found a glowing golden altar of the Shining One.
 31463 | D:12     | Found Iriacu's Magic Scroll Shoppe.
 32242 | D:13     | Found a blossoming altar of Fedhas.
 32633 | D:13     | Noticed a shadow dragon
 32941 | D:14     | Entered Level 14 of the Dungeon
 33107 | D:14     | Reached skill level 15 in Conjurations
 33297 | D:14     | Noticed Fannar
 33310 | D:14     | Killed Fannar
 33310 | D:14     | Reached XP level 15. HP: 94/118 MP: 13/30
 33736 | D:14     | Noticed Louise
 33927 | D:14     | Killed Louise
 34068 | D:14     | Noticed a storm dragon
 34858 | D:15     | Entered Level 15 of the Dungeon
 34858 | D:15     | Found a staircase to the Vaults.
 34858 | D:15     | Noticed Donald
 35065 | D:14     | Killed Donald
 35871 | D:15     | Noticed Aelig's ghost (powerful DEWz)
 36035 | D:15     | Killed Aelig's ghost
 37772 | D:16     | Reached skill level 10 in Shields
 37811 | D:16     | Reached XP level 16. HP: 114/134 MP: 24/31
 38005 | D:16     | Found Khisuiph's Antique Armour Emporium.
 38639 | D:17     | Noticed Azrael
 39002 | Lair:1   | Learned a level 7 spell: Orb of Destruction
 40302 | Orc:4    | Killed Saint Roka
 40737 | Orc:4    | Found Traaxod's Antique Armour Shop.
 40737 | Orc:4    | Found Pieh's Antique Armour Shoppe.
 40740 | Orc:4    | Found Shaol's Magic Scroll Boutique.
 40742 | Orc:4    | Found Cocul's Magical Wand Emporium.
 41594 | Vaults:1 | Entered Level 1 of the Vaults
 43780 | Vaults:1 | Reached XP level 17. HP: 136/140 MP: 12/33
 43925 | Vaults:1 | Reached skill level 10 in Spellcasting
 44177 | Vaults:1 | Found Troocwoff's Antique Armour Boutique.
 44187 | Vaults:1 | Bought a twisted cloak for 156 gold pieces
 44243 | Vaults:1 | Identified the +1 cloak of Polytheism {rF+ Str+2} (You bought it in a shop on level 1 of the Vaults)
 46648 | Vaults:2 | Noticed a sphinx
 46657 | Vaults:2 | Killed a sphinx
 47626 | Vaults:2 | Reached XP level 18. HP: 128/149 MP: 30/37
 48669 | D:17     | Killed Azrael
 48761 | D:17     | Noticed Nikola
 48769 | D:17     | Killed Nikola
 49616 | D:14     | Killed a storm dragon
 50491 | D:18     | Reached skill level 15 in Fighting
 50606 | D:18     | Found Strooxen's Magical Wand Shoppe.
 50911 | D:18     | Bought a wand of digging (13) for 374 gold pieces
 50911 | D:18     | Bought a wand of heal wounds (3) for 462 gold pieces
 50911 | D:18     | Bought a wand of teleportation (5) for 297 gold pieces
 52065 | D:18     | Reached skill level 15 in Spellcasting
 52075 | D:18     | Reached XP level 19. HP: 111/161 MP: 18/39
 52818 | D:19     | Found Lavededi's Antique Armour Shoppe.
 53227 | D:20     | Entered Level 20 of the Dungeon
 53375 | D:20     | Noticed Jorgrun
 53424 | D:20     | Killed Jorgrun
 53721 | D:20     | Noticed Mennas
 53730 | D:20     | Found a portal to a secret trove of treasure.
 53890 | D:20     | Identified the amulet of Kikubaaqudgha's Fury {Stasis Stlth++}
 54241 | D:20     | Reached skill level 16 in Spellcasting
 55101 | Vaults:3 | Found a staircase to the Enchanted Forest.
 56152 | Vaults:3 | Reached skill level 15 in Fire Magic
 57323 | Vaults:4 | Reached XP level 20. HP: 127/170 MP: 26/40
 57859 | Vaults:4 | Found a staircase to the Hall of Blades.
 57868 | Blade    | Entered the Hall of Blades
 57868 | Blade    | Noticed Margery
 58109 | Vaults:4 | Reached skill level 17 in Fire Magic
 58833 | Vaults:4 | Noticed Jory
 58847 | Vaults:4 | Shot with an arrow by a centaur warrior

Action                   |  1- 3 |  4- 6 |  7- 9 | 10-12 | 13-15 | 16-18 | 19-21 || total
-------------------------+-------+-------+-------+-------+-------+-------+-------++-------
Melee: Dagger            |    78 |     6 |       |       |       |       |       ||    84
       Unarmed           |     3 |       |       |       |       |       |       ||     3
       Spear             |       |    98 |       |       |       |       |       ||    98
       Trident           |       |    14 |    23 |       |       |       |       ||    37
       Halberd           |       |       |   110 |   150 |       |       |       ||   260
       Staff             |       |       |       |   385 |   848 |   848 |   353 ||  2434
 Fire: Blowgun           |       |    39 |    47 |       |       |       |       ||    86
Throw: Dart              |    18 |    52 |     7 |    17 |     3 |       |       ||    97
       Stone             |    23 |    19 |       |       |       |       |       ||    42
       Javelin           |       |    18 |    49 |    29 |     2 |       |       ||    98
 Cast: Flame Tongue      |    33 |    62 |   155 |   446 |   566 |   234 |    26 ||  1522
       Conjure Flame     |     2 |     9 |    13 |    28 |    63 |    58 |    31 ||   204
       Sticky Flame      |       |     2 |    17 |    79 |   119 |   118 |    59 ||   394
       Fireball          |       |       |       |    34 |    54 |    70 |    45 ||   203
       Bolt of Magma     |       |       |       |     3 |    66 |   106 |    58 ||   233
       Orb of Destructio |       |       |       |       |       |    19 |       ||    19
Invok: Scrying           |       |       |       |       |     2 |     1 |     1 ||     4
 Abil: Breathe Fire      |       |       |    21 |    27 |    10 |     4 |     1 ||    63
Evoke: Wand              |       |       |       |     5 |     4 |     3 |       ||    12
       Miscellaneous     |       |       |       |       |       |     1 |     3 ||     4
  Use: Scroll            |       |     5 |     9 |    19 |     6 |     8 |     4 ||    51
       Potion            |       |       |       |     2 |     1 |     1 |     1 ||     5
 Stab: Sleeping          |     2 |     1 |     2 |     5 |     2 |     5 |     1 ||    18
       Confused          |       |     1 |       |       |       |       |       ||     1
